 Dungeon Crawl Stone Soup version 0.21-a0-221-gfe971b9 (webtiles) character file.

15 tidbits the Chopper (level 2, -10/25 HPs)
             Began as a Demigod Wanderer on Aug 26, 2017.
             Killed from afar by Ijyb (14 damage)
             ... with a wand of lightning (?/15)
             ... on level 3 of the Dungeon.
             The game lasted 00:02:40 (283 turns).

tidbits the Chopper (Demigod Wanderer)               Turns: 283, Time: 00:02:41

Health: -10/25     AC:  5    Str: 16    XL:     2   Next: 21%
Magic:  4/4        EV: 10    Int: 17    God:
Gold:   10         SH:  0    Dex: 13    Spells: 1/1 levels left

rFire    . . .     SeeInvis .   a - +2 hand axe
rCold    . . .     Gourm    .   (no shield)
rNeg     . . .     Faith    .   B - +0 ring mail
rPois    .         Spirit   .   (no helmet)
rElec    .         Reflect  .   (no cloak)
rCorr    .         Harm     .   (no gloves)
MR       .....                  (no boots)
Stlth    +.........             (no amulet)
HPRegen  0.08/turn              (no ring)
MPRegen  0.09/turn              (no ring)

@: no status effects
A: high mp 1
a: no special abilities


You were on level 3 of the Dungeon.
You were not hungry.

You visited 1 branch of the dungeon, and saw 3 of its levels.

You collected 10 gold pieces.

Inventory:

Hand Weapons
 a - a +2 hand axe (weapon)
 d - a +0 dagger
 h - a +0 short sword
Missiles
 e - 32 sling bullets
Armour
 B - a +0 ring mail (worn)
Scrolls
 g - a scroll of identify {unknown}
 j - a scroll of random uselessness {unknown}
 k - a scroll of fear {unknown}
 l - a scroll of blinking {unknown}
 m - a scroll of enchant armour {unknown}
 n - a scroll of remove curse {unknown}
Comestibles
 b - a fruit
 f - a bread ration
 i - a royal jelly


   Skills:
 + Level 2.9 Fighting
 - Level 2.9 Axes
 - Level 1.3 Throwing
 - Level 2.0 Stealth
   Level 1.0 Shields


You had one spell level left.
You didn't know any spells.

Dungeon Overview and Level Annotations

Branches:
Dungeon (3/15)

Annotations:
D:3 Ijyb


Innate Abilities, Weirdness & Mutations

You have an increased reservoir of magic. (+10% MP)


Message History

You closely miss the bat.
The bat is severely wounded.
The bat completely misses you.
You barely miss the bat.
The bat is severely wounded.
The bat hits you but does no damage. x2
The bat closely misses you. The bat hits you.
You hit the bat.
You kill the bat!
Found a scroll labeled HUCAUK VUROIZ.
A goblin comes into view. It is wielding a dagger.
k - a scroll labeled HUCAUK VUROIZ
l - a scroll labeled BOUTATZ NEUJ
Found a scroll labeled UTWAGE ZUMOO.
You barely miss the goblin. The goblin completely misses you.
You barely miss the goblin. The goblin barely misses you.
You hit the goblin.
You kill the goblin!
A goblin comes into view.
The goblin shouts!
You see here a dagger.
You slash the goblin!
You kill the goblin!
m - a scroll labeled UTWAGE ZUMOO A quokka comes into view.
The helpless quokka fails to defend itself.
You slash the quokka!
You kill the quokka!
You see here a quokka corpse.
Found 10 gold pieces.
You now have 10 gold pieces.
Found an escape hatch in the floor.
There is an escape hatch in the floor here.
You slide downwards.
The hatch slams shut behind you.
Found a stone staircase leading down.
Found a scroll labeled SINNOH YBICOB.
There is a stone staircase leading down here.
n - a scroll labeled SINNOH YBICOB
Found 4 javelins of penetration.
You see here 4 javelins of penetration.
o - 4 javelins of penetration Ijyb the Twisted Goblin comes into view.
Throwing (i - inventory):
o - 4 javelins of penetration (quivered)
Press: ? - help, Shift-Dir - straight line, f - Ijyb
Aim: Ijyb, wearing a leather armour (resting)
You throw a javelin of penetration.
The javelin of penetration pierces through Ijyb but does no damage.
Throwing (i - inventory):
o - 3 javelins of penetration (quivered)
Press: ? - help, Shift-Dir - straight line, f/p - Ijyb
Aim: Ijyb, wearing a leather armour You throw a javelin of penetration.
The javelin of penetration barely misses Ijyb.
Throwing (i - inventory):
o - 2 javelins of penetration (quivered)
Press: ? - help, Shift-Dir - straight line, f/p - Ijyb
Aim: Ijyb, wearing a leather armour You throw a javelin of penetration.
The javelin of penetration barely misses Ijyb.
Throwing (i - inventory):
o - a javelin of penetration (quivered)
Press: ? - help, Shift-Dir - straight line, f/p - Ijyb
Aim: Ijyb, wearing a leather armour You throw a javelin of penetration.
The javelin of penetration pierces through Ijyb.
Ijyb is lightly wounded.
Ijyb zaps a wand.
The bolt of lightning hits you!
Ouch! That really hurt!
* * * LOW HITPOINT WARNING * * *
The bolt of lightning misses you.
It is a wand of lightning (?/15).
You feel better.
You aren't carrying any potions.
Unknown command.
An orc comes into view. It is wielding a club.
The orc shouts!
Ijyb misses you.
You barely miss Ijyb.
Ijyb is lightly wounded.
Ijyb hits you.
* * * LOW HITPOINT WARNING * * *
Unknown command.
You barely miss Ijyb.
Ijyb is lightly wounded.
Ijyb closely misses you.
You hit Ijyb.
Ijyb is moderately wounded.
You barely miss the orc. Ijyb closely misses you. The orc hits you with a club.
* * * LOW HITPOINT WARNING * * *
Ijyb barely misses you.
Unknown command.
You hit Ijyb.
Ijyb is heavily wounded.
You hit the orc but do no damage. The orc hits you but does no damage.
Ijyb screams, "Me kill you!" Ijyb hits you.
* * * LOW HITPOINT WARNING * * *
You slash Ijyb!
Ijyb is almost dead.
You hit the orc but do no damage. The orc hits you with a club.
* * * LOW HITPOINT WARNING * * *
Ijyb zaps a wand.
The bolt of lightning hits you!
Ouch! That really hurt!
You die...

............>.#
#..##.#.#####.#.# #
#.(# # #.#.# .#..#
#.#.# .#.(## #
#.#.# .... .. #.#.#
#.(##.# #.#.#
#.g...# #.#.# #@o#
#.#.#
#.#..##########.#.#
#^...............#
#.#####.#######.###
#. #.# #.# #
#.#######.#
#......##.#
######.##.# #.##.#


You could see Ijyb and an orc.

Vanquished Creatures
  5 goblins
  2 hobgoblins
  2 quokkas (D:2)
  A bat (D:2)
  2 frilled lizards
  A rat (D:2)
13 creatures vanquished.

Notes
Turn   | Place    | Note
-------+----------+-------------------------------------------
     0 | D:1      | tidbits the Demigod Wanderer began the quest for the Orb.
     0 | D:1      | tidbits set off with: a +2 hand axe, a +0 ring mail, a potion of curing, a +0 dagger, a bread ration
     0 | D:1      | Reached XP level 1. HP: 18/18 MP: 3/3
    80 | D:2      | Found an iron altar of Okawaru.
    88 | D:2      | Reached skill level 2 in Stealth
   147 | D:2      | Reached XP level 2. HP: 23/25 MP: 4/4
   272 | D:3      | Noticed Ijyb
   283 | D:3      | Killed from afar by Ijyb

Vault maps used:
D:1:      shiori_arrival_oz
D:2:      first_bread, okawaru_ov_weapons_minmay, uniq_crazy_yiuf_cottage
D:3:      grunt_temple_overflow_order_and_chaos_1,
          chequers_ecumenical_altar_island, uniq_ijyb, uniq_grinder

Skill      XL: |  1 |
---------------+----+-----
Stealth        | 2 |  2.0
Fighting       | |  2.9
Axes           | |  2.9
Throwing       | |  1.3
Shields        | |  1.0

Action                   || total
-------------------------++-------
Melee: Hand axe          ||    42
Throw: Javelin           ||     4
  Use: Potion            ||     1
 Stab: Sleeping          ||     2
Armor: Ring mail         ||    11
Dodge: Dodged            ||    23

Table legend:
 A = Spawn XP
 B = Non-spawn XP
 C = Spawn XP percentage of total XP
 D = Spawn monster count
 E = Non-spawn monster count
 F = Spawn count percentage of total count
 G = Total turns spent on level
                    A         B        C        D         E        F      G
               +---------+---------+-------+---------+---------+-------+---------
         Total |       2 |      20 |   9.1 |       1 |      12 |   7.7 |   283
               +---------+---------+-------+---------+---------+-------+---------
           D:1 |       2 |       7 |  22.2 |       1 |       4 |  20.0 |    73
           D:2 |       0 |      13 |   0.0 |       0 |       8 |   0.0 |   157
               +---------+---------+-------+---------+---------+-------+---------

Table legend:
 A = Turns spent in this place as a percentage of turns spent in the entire game.
 B = Non-inter-level travel turns spent in this place as a percentage of non-inter-level travel turns spent in the entire game.
 C = Inter-level travel turns spent in this place as a percentage of turns spent in this place.
 D = Turns resting spent in this place as a percentage of non-inter-level travel turns spent in this place.
 E = Turns spent auto-exploring this place as a percentage of non-inter-level travel turns spent in this place.
 F = Non-inter-level travel turns spent in this place divided by the number of levels of this place that you've seen.
                   A       B       C       D       E      F
               +-------+-------+-------+-------+-------+----------------------
         Total | 100.0 | 100.0 |   0.0 |   0.0 |   0.0 |  94.3
       Dungeon | 100.0 | 100.0 |   0.0 |   0.0 |   0.0 |  94.3
               +-------+-------+-------+-------+-------+----------------------

Table legend:
 A = Kills in this place as a percentage of kills in entire the game.
 B = Kills by you in this place as a percentage of kills by you in the entire game.
 C = Kills by friends in this place as a percentage of kills by friends in the entire game.
 D = Other kills in this place as a percentage of other kills in the entire game.
 E = Experience gained in this place as a percentage of experience gained in the entire game.
 F = Experience gained in this place divided by the number of levels of this place that you have seen.
                   A       B       C       D       E      F
               +-------+-------+-------+-------+-------+----------------------
         Total | 100.0 | 100.0 |   N/A |   N/A | 100.0 |   7.3
       Dungeon | 100.0 | 100.0 |   N/A |   N/A | 100.0 |   7.3
               +-------+-------+-------+-------+-------+----------------------

Vault maps used:
D:1:      shiori_arrival_oz
D:2:      first_bread, okawaru_ov_weapons_minmay, uniq_crazy_yiuf_cottage
D:3:      grunt_temple_overflow_order_and_chaos_1,
          chequers_ecumenical_altar_island, uniq_ijyb, uniq_grinder
